 Dungeon Crawl Stone Soup version 0.29.1-4-g47bece8355 (webtiles) character file.

Game seed: 4845443430092472413

49 DildoBatman the Conjurer (level 4, -3/32 HPs)
             Began as a Formicid Conjurer on Dec 2, 2022.
             Frozen to death by an endoplasm (5 damage)
             ... on level 3 of the Dungeon.
             The game lasted 00:01:58 (979 turns).

DildoBatman the Conjurer (Formicid Conjurer)         Turns: 979, Time: 00:01:59

Health: -3/32      AC:  3    Str: 12    XL:     4   Next: 2%
Magic:  4/8        EV:  9    Int: 19    God:
Gold:   67         SH:  0    Dex: 12    Spells: 5/8 levels left

rFire   . . .      SeeInvis +   e - +0 spear
rCold   . . .      Faith    .   (no shield)
rNeg    . . .      Spirit   .   a - +0 robe
rPois   .          Reflect  .   (helmet unavailable)
rElec   .          Harm     .   (no cloak)
rCorr   +          Rampage  .   (no gloves)
Will    .....                   c - +0 pair of boots
Stlth   ++........              (no amulet)
HPRegen 0.10/turn               m - ring of resist corrosion
MPRegen 0.11/turn               (no ring)

@: constricted
A: permanent stasis, dig shafts and tunnels, antennae 3, four strong arms
a: Dig, Shaft Self


You were on level 3 of the Dungeon.
You visited 1 branch of the dungeon, and saw 3 of its levels.

You collected 67 gold pieces.

Inventory:

Hand Weapons
 e - a +0 spear (weapon)
Missiles
 l - 18 stones
Armour
 a - a +0 robe (worn)
 c - a +0 pair of boots (worn)
Magical Staves
 j - a staff of fire
Jewellery
 m - a ring of resist corrosion (left hand)
Scrolls
 d - 2 scrolls of teleportation {unknown}
 g - 5 scrolls of identify {unknown}
 h - a scroll of noise {unknown}
 i - a scroll of immolation {unknown}
 n - a scroll of fear {unknown}
Potions
 b - a potion of magic
 f - a potion of might {unknown}
 k - a potion of curing {unknown}
 o - a potion of brilliance {unknown}


   Skills:
 * Level 1.5 Fighting
 * Level 1.3 Armour
 - Level 2.0 Dodging
 - Level 2.4 Stealth
 * Level 2.7 Spellcasting
 * Level 3.9 Conjurations


You had 5 spell levels left.
You knew the following spells:

 Your Spells              Type           Power      Damage    Failure   Level
a - Searing Ray           Conj           34%        2d5       4%          2
c - Magic Dart            Conj           68%        1d6       3%          1

Your spell library contained the following spells:

 Spells                   Type           Power      Damage    Failure   Level
 Dazzling Flash           Conj/Hex       20%        N/A       21%         3
 Call Imp                 Summ           2%         N/A       24%         2
 Mephitic Cloud           Conj/Pois/Air  7%         N/A       26%         3
 Fulminant Prism          Conj/Hex       5%         3d7       56%         4
 Iskenderun's Mystic Bla  Conj/Tloc      10%        2d4       56%         4


Dungeon Overview and Level Annotations

Branches:
Dungeon (2/15)

Altars:


Innate Abilities, Weirdness & Mutations

You cannot be hasted, slowed, berserked, paralysed or teleported.
You can dig through walls and to a lower floor.
You have a pair of large antennae on your head. (SInv)
Your four strong arms can wield two-handed weapons with a shield.


Message History

The ball python constricts you. The ball python closely misses you.
The ball python constricts you. The endoplasm hits you.
The kobold hits you with a +0 dagger. What are your orders? t - Shout!
Orders for allies: a - Attack new target. r - Retreat! s - Stop attacking. g - Guard the area. f - Follow me.
Anything else - Cancel.
You shout for attention!
The ball python closely misses you. The ball python constricts you.
The endoplasm hits you. The kobold barely misses you.
What are your orders? t - Shout!
Orders for allies: a - Attack new target. r - Retreat! s - Stop attacking. g - Guard the area. f - Follow me.
Anything else - Cancel.
You shout for attention!
The ball python closely misses you. The ball python constricts you.
The endoplasm freezes you.
You are frozen.
The kobold hits you but does no damage. What are your orders? t - Shout!
Orders for allies: a - Attack new target. r - Retreat! s - Stop attacking. g - Guard the area. f - Follow me.
Anything else - Cancel.
You shout for attention!
The ball python bites you but does no damage.
The ball python constricts you. The endoplasm freezes you.
You are frozen.
You die...

.# .# .#
.######
####.#.....
.####..........
...(....K......
.......@S......
.......#J#.....
....... .# ...
....... .# .
..##### +# .


You could see an endoplasm, a ball python and a kobold.

Vanquished Creatures
  An adder (D:2)
  A dart slug (D:2)
  2 ball pythons (D:2)
  5 bats (D:1)
  5 endoplasms (D:1)
  A giant cockroach (D:1)
  A goblin (D:1)
  7 hobgoblins
  4 quokkas
  2 frilled lizards
  2 rats (D:1)
31 creatures vanquished.

Notes
Turn   | Place    | Note
-------+----------+-------------------------------------------
     0 | D:1      | DildoBatman the Formicid Conjurer began the quest for the
                  | Orb.
     0 | D:1      | Reached XP level 1. HP: 13/13 MP: 3/3
    83 | D:1      | Reached XP level 2. HP: 17/20 MP: 1/5
    86 | D:1      | Learned a level 2 spell: Searing Ray
   285 | D:1      | Reached skill level 1 in Fighting
   289 | D:1      | Reached skill level 1 in Armour
   289 | D:1      | Reached XP level 3. HP: 18/26 MP: 1/6
   889 | D:2      | Found a faded altar of an unknown god.
   954 | D:2      | Reached XP level 4. HP: 31/32 MP: 1/8
   956 | D:2      | You fall into a shaft and drop 1 floor!
   979 | D:3      | Frozen to death by an endoplasm

Illustrated notes

Levels and vault maps discovered:
D:1:      enne_arrival_octagon_isle, layout_basic
D:2:      layout_rooms, basic_ecumenical_altar, minmay_pentomino_r2
D:3:      layout_basic, general_overflow_altar, uniq_crazy_yiuf_cottage

Skill      XL: |  1  2 |
---------------+-------+-----
Dodging        | 2 |  2.0
Fighting       | 1 |  1.5
Armour         | 1 |  1.3
Stealth        | |  2.4
Spellcasting   | |  2.7
Conjurations   | |  3.9

Action                   |  1- 3 |  4- 6 || total
-------------------------+-------+-------++-------
Melee: Spear             |    57 |       ||    57
 Cast: Magic Dart        |    39 |       ||    39
 Abil: Shaft Self        |       |     1 ||     1
 Stab: Sleeping          |     5 |       ||     5
Armor: Robe              |    10 |    14 ||    24
Dodge: Dodged            |    35 |    28 ||    63
